 Dungeon Crawl Stone Soup version 0.17-a0-288-gaf424a4 (webtiles) character file.

103 xeno23 the Digger (level 4, -2/24 HPs)
             Began as a Gargoyle Earth Elementalist on Mar 30, 2015.
             Killed by divine providence
             ... invoked by an orc priest
              (11 damage)
             ... on level 3 of the Dungeon.
             The game lasted 00:11:30 (1810 turns).

xeno23 the Digger (Gargoyle Earth Elementalist)     Turns: 1810, Time: 00:11:30

Health: -2/24      AC:  6    Str: 11    XL:     4   Next: 79%
Magic:  6/6        EV: 12    Int: 17    God:
Gold:   129        SH:  0    Dex: 14    Spells: 1 memorised, 9 levels left

rFire  . . .     SeeInvis .     l - +0 spear (venom)
rCold  . . .     Clarity  .     c - +1 robe
rNeg   + . .     SustAb   .     (no shield)
rPois  ∞         Gourm    .     (no helmet)
rElec  +         Spirit   .     (no cloak)
rCorr  .         Warding  .     (no gloves)
rMut   .         Stasis   .     (no boots)
MR     .....                    (no amulet)
Stlth  ++........               (no ring)
                                y - +4 ring of dexterity

@: not resistant to hostile enchantments, unstealthy
A: negative energy resistance 1, electricity resistance, unbreathing,
petrification resistance, rot immunity, AC +3
a: no special abilities


You were on level 3 of the Dungeon.
You were not hungry.

You visited 1 branch of the dungeon, and saw 3 of its levels.

You collected 129 gold pieces.

Inventory:

Hand weapons
 i - a +1 dagger of venom
 l - a +0 spear of venom (weapon)
 q - a +2 dagger of protection
Missiles
 b - 98 stones (quivered)
Armour
 c - a +1 robe (worn)
 g - a +0 buckler
Jewellery
 y - a +4 ring of dexterity (left hand)
Magical devices
 w - a wand of flame (32)
Scrolls
 p - 2 scrolls of identify {unknown}
 s - a scroll of random uselessness {unknown}
 u - a scroll of teleportation
 v - a scroll of blinking {unknown}
Potions
 e - a potion of magic {unknown}
 f - 2 potions of cure mutation {unknown}
 j - a potion of might {unknown}
 k - a potion of curing {unknown}
 m - a potion of cancellation {unknown}
 x - a potion of poison {unknown}
Books
 d - a book of Geomancy

   Spells                             Type                      Level
   a - Sandblast                      Earth                        1
   b - Stoneskin                      Transmutation/Earth          2
   c - Passwall                       Transmutation/Earth          3
   d - Stone Arrow                    Conjuration/Earth            3
   e - Petrify                        Transmutation/Earth          4
   f - Lee's Rapid Deconstruction     Earth                        5
 t - a book of Unlife

   Spells                             Type                      Level
   a - Recall                         Summoning/Translocation      3
   b - Animate Dead                   Necromancy                   4
   c - Control Undead                 Necromancy                   4
   d - Cigotuvi's Embrace             Necromancy                   5
   e - Death Channel                  Necromancy                   6
   f - Simulacrum                     Ice/Necromancy               6
Comestibles
 a - 4 bread rations
 h - 4 fruits
 n - 4 chunks of flesh
 o - a royal jelly
 r - a meat ration


   Skills:
 - Level 1.5 Dodging
 - Level 2.1 Stealth
 + Level 3.5 Spellcasting
   Level 0.7 Transmutations
 + Level 5.1 Earth Magic


You had 9 spell levels left.
You knew the following spells:

 Your Spells              Type           Power        Failure   Level  Hunger
a - Sandblast             Erth           ###...       1%          1    None


Dungeon Overview and Level Annotations

Branches:
Dungeon (3/15)

Altars:
Elyvilon
Ru


Innate Abilities, Weirdness & Mutations

You are resistant to torment.
You are immune to poison.
Your stone body is very resilient (AC +3).
You resist negative energy.
You are resistant to electric shocks.
You can survive without breathing.
You are immune to petrification.
You are immune to rotting.


Message History

Aim: an orc, wielding a whip and wearing a leather armour You reach to attack!
You hit the orc.
The orc is almost dead.
You barely miss the orc priest. The orc hits you but does no damage.
The orc priest barely misses you.
You completely miss the orc priest. The orc misses you.
The orc priest barely misses you.
An orc comes into view. It is wielding a falchion.
The orc shouts!
You hit the orc priest.
The orc priest is poisoned.
The orc priest is moderately wounded.
You hear a shout!
The orc hits you but does no damage.
The orc priest calls down the wrath of Beogh upon you.
Something smites you!
Ouch! That really hurt!
You take 15 damage.
The orc priest mumbles some strange prayers to Beogh against you.
Something smites you!
You die...

#### # #.. o### #o# o.. #######
#########o###.# #......
#.......@o.o..# #.#####
###.#########..##.###.# #
#######...#...........<.#...# #
..........#.####.#..#####.#######
............# #......###.#......
.........#######.#.##.#...#.#####
.........# #.....#.#....###......
.........##########≈..#####......
.....###.#≈≈........≈.#...'......


You could see an orc priest and 3 orcs.

Vanquished Creatures
  3 gnolls (D:2)
  2 adders (D:2)
  A worm (D:2)
  An ooze (D:1)
  An orc (D:3)
  6 bats
  2 giant cockroaches (D:2)
  6 goblins
  2 hobgoblins (D:1)
  8 jackals
  4 kobolds (D:1)
  A quokka (D:3)
  A ball python (D:1)
  2 giant geckos
  4 giant newts
  6 rats
50 creatures vanquished.

Notes
Turn   | Place    | Note
--------------------------------------------------------------
     0 | D:1      | xeno23, the Gargoyle Earth Elementalist, began the quest for the Orb.
     0 | D:1      | Reached XP level 1. HP: 10/10 MP: 2/2
   141 | D:1      | Reached XP level 2. HP: 13/15 MP: 3/3
   210 | D:1      | Reached skill level 4 in Earth Magic
   570 | D:2      | Reached XP level 3. HP: 19/19 MP: 5/5
   864 | D:2      | Reached XP level 4. HP: 24/24 MP: 2/6
   975 | D:2      | Found a white marble altar of Elyvilon.
  1283 | D:2      | Reached skill level 5 in Earth Magic
  1635 | D:3      | Found a sacrificial altar of Ru.
  1810 | D:3      | Killed from afar by an orc priest

Action                   |  1- 3 |  4- 6 || total
-------------------------+-------+-------++-------
Melee: Dagger            |    69 |       ||    69
       Spear             |       |    96 ||    96
 Cast: Sandblast         |    15 |     3 ||    18
  Use: Scroll            |     4 |       ||     4
 Stab: Sleeping          |     1 |     1 ||     2
  Eat: Chunk             |       |     3 ||     3
